 Dungeon Crawl Stone Soup version 0.27-a0-1219-g958d993ae5 (webtiles) character file.

Game seed: 11000088533978286040

1575 quinnr the Stinger (level 9, -3/57 HPs)
             Began as a Formicid Venom Mage on June 6, 2021.
             Was a Follower of Makhleb.
             Slain by a water moccasin (6 damage)
             ... on level 7 of the Dungeon.
             The game lasted 00:33:32 (8052 turns).

quinnr the Stinger (Formicid Venom Mage)            Turns: 8052, Time: 00:33:33

Health: -3/57      AC:  3    Str: 20    XL:     9   Next: 14%
Magic:  3/13       EV: 12    Int: 17    God:    Makhleb [*.....]
Gold:   254        SH:  0    Dex: 11    Spells: 2/14 levels left

rFire    . . .     SeeInvis +   a - staff of air
rCold    . . .     Faith    .   (no shield)
rNeg     . . .     Spirit   .   d - +0 robe
rPois    .         Reflect  .   (helmet unavailable)
rElec    +         Harm     .   (no cloak)
rCorr    .         Rampage  .   f - +0 pair of gloves
Will     .....                  (no boots)
Stlth    ++........             p - amulet of magic regeneration
HPRegen  0.19/turn              n - +6 ring of strength
MPRegen  0.38/turn              (no ring)

@: lethally poisoned (-3 -> -11), very slightly contaminated
A: permanent stasis, dig shafts and tunnels, antennae 3, four strong arms
a: Dig, Shaft Self, Renounce Religion


You were on level 7 of the Dungeon.
You worshipped Makhleb.
Makhleb was aware of your devotion.
You visited 2 branches of the dungeon, and saw 8 of its levels.

You collected 334 gold pieces.
You spent 80 gold pieces at shops.

Inventory:

Hand Weapons
 b - a +2 hunting sling of flaming
 k - a +3 dagger
Missiles
 j - 270 stones
 w - 44 sling bullets
 z - 7 atropa-tipped darts
Armour
 d - a +0 robe (worn)
 f - a +0 pair of gloves (worn)
Magical Staves
 a - a staff of air (weapon)
 q - a staff of cold
Jewellery
 n - a +6 ring of strength (left hand)
 p - an amulet of magic regeneration (around neck)
Wands
 y - a wand of paralysis (9)
Scrolls
 c - a scroll of amnesia {unknown}
 e - 7 scrolls of teleportation
 i - 3 scrolls of magic mapping {unknown}
 m - a scroll of noise {unknown}
 x - a scroll of summoning {unknown}
 A - a scroll of vulnerability {unknown}
 E - a scroll of identify
 F - a scroll of acquirement {unknown}
Potions
 g - a potion of curing
 h - a potion of invisibility {unknown}
 l - 5 potions of heal wounds
 o - 2 potions of resistance
 r - a potion of flight
 s - 3 potions of haste {unknown}
 t - a potion of mutation
 u - a potion of lignification
 v - a potion of brilliance
 B - a potion of experience {unknown}
 C - a potion of might {unknown}
 D - a potion of cancellation {unknown}


   Skills:
 + Level 1.9 Slings
 - Level 1.7 Dodging
 - Level 2.4 Stealth
 - Level 3.0 Spellcasting
 + Level 5.9 Conjurations
 - Level 1.1 Transmutations
 + Level 5.4 Air Magic
 - Level 7.2 Poison Magic


You had 2 spell levels left.
You knew the following spells:

 Your Spells              Type           Power      Damage    Failure   Level
a - Sting                 Tmut/Pois      64%        1d6       3%          1
b - Poisonous Vapours     Pois/Air       72%        N/A       1%          2
c - Mephitic Cloud        Conj/Pois/Air  35%        N/A       4%          3
d - Call Imp              Summ           2%         N/A       26%         2
e - Summon Lightning Spi  Summ/Air       17%        N/A       50%         4

Your spell library contained the following spells:

 Spells                   Type           Power      Damage    Failure   Level
 Corona                   Hex            2%         N/A       17%         1
 Sandblast                Erth           4%         2d4       17%         1
 Summon Small Mammal      Summ           8%         N/A       17%         1
 Passwall                 Tmut/Erth      3%         N/A       22%         2
 Ensorcelled Hibernation  Hex/Ice        4%         N/A       26%         2
 Olgreb's Toxic Radiance  Pois           27%        N/A       9%          4
 Dazzling Flash           Conj/Hex       24%        N/A       16%         3
 Stone Arrow              Conj/Erth      24%        3d8       16%         3
 Ignite Poison            Fire/Tmut/Pois 12%        N/A       17%         3
 Call Canine Familiar     Summ           2%         N/A       45%         3
 Confusing Touch          Hex            2%         N/A       45%         3
 Summon Guardian Golem    Hex/Summ       2%         N/A       45%         3
 Tukima's Dance           Hex            2%         N/A       45%         3
 Sticky Flame             Conj/Fire      12%        2d4       45%         4
 Petrify                  Tmut/Erth      4%         N/A       80%         4
 Fireball                 Conj/Fire      6%         3d5       82%         5
 Animate Armour           Summ/Erth      4%         N/A       86%         4
 Leda's Liquefaction      Hex/Erth       1%         N/A       86%         4
 Summon Ice Beast         Ice/Summ       2%         N/A       86%         4
 Lee's Rapid Deconstruct  Erth           1%         3d5*      99%         5


Dungeon Overview and Level Annotations

Branches:
Dungeon (7/15)             Temple (1/1) D:4

Altars:
Ashenzari
Cheibriados
Dithmenos
Elyvilon
Fedhas
Gozag
Hepliaklqana
Kikubaaqudgha
Makhleb
Nemelex Xobeh
Okawaru
Qazlal
Ru
Sif Muna
Trog
Uskayaw
Wu Jian
Xom
Yredelemnul
Zin
The Shining One

Shops:
D:1 ?!   D:2 !=

Annotations:
D:4 3 runed translucent doors, Demosthentine's ghost, amateur MfGl


Innate Abilities, Weirdness & Mutations

You cannot be hasted, slowed, berserked, paralysed or teleported.
You can dig through walls and to a lower floor.
You have a pair of large antennae on your head. (SInv)
Your four strong arms can wield two-handed weapons with a shield.


Message History

The water moccasin poisons you!
Your crimson imp hits the water moccasin.
The water moccasin bites your crimson imp but does no damage.
Unknown command.
Casting: Sting (safe; 3% risk of failure)
Confirm with . or Enter, or press ? or * to list all spells.
Aiming: Sting (safe; 3% risk of failure)
Press: ? - help, Shift-Dir - straight line, f/p - water moccasin
Aim: a water moccasin (heavily wounded, ally target, 57% to hit)
The sting hits the water moccasin.
The water moccasin is poisoned.
The water moccasin is severely wounded.
* * * LOW HITPOINT WARNING * * *
You feel very sick.
Your crimson imp misses the water moccasin.
The water moccasin bites you.
* * * LOW HITPOINT WARNING * * *
Unknown command.
Casting: Sting (safe; 3% risk of failure)
Confirm with . or Enter, or press ? or * to list all spells.
Aiming: Sting (safe; 3% risk of failure)
Press: ? - help, Shift-Dir - straight line, f/p - water moccasin
Aim: a water moccasin (severely wounded, poisoned, ally target, 57% to hit)
The sting misses the water moccasin.
* * * LOW HITPOINT WARNING * * *
You feel very sick.
Your crimson imp disappears in a puff of smoke!
The water moccasin closely misses you.
Casting: Sting (safe; 3% risk of failure)
Confirm with . or Enter, or press ? or * to list all spells.
Aiming: Sting (safe; 3% risk of failure)
Press: ? - help, Shift-Dir - straight line, f/p - water moccasin
Aim: a water moccasin (purple smoke, severely wounded, poisoned, 57% to hit)
The sting hits the water moccasin.
The water moccasin partially resists.
The water moccasin looks even sicker.
The water moccasin is almost dead.
* * * LOW HITPOINT WARNING * * *
You feel sick. The water moccasin bites you.
* * * LOW HITPOINT WARNING * * *
The water moccasin bites you.
You die...

#### ##### ### .#.#
#<#.#######.# ...#
#.#.........#
.#.###.#.#######.#
.#.....#.....# #.#
.###########.# #.#
.............# #.#
################.###
#$....ยง@..#
#......S..#
#.........#
#.........#
#.....^...#
#.........#
......[...#
..........#
..#####.###


You could see a water moccasin (very poisoned).

Vanquished Creatures
  A steam dragon (D:6)
  2 sky beasts (D:5)
  3 ogres
  2 scorpions
  4 hounds
  An orc priest (D:6)
  A jelly (D:4)
  A bullfrog skeleton (D:6)
  A centaur skeleton (D:5)
  Terence (D:2)
  4 iguanas
  3 adders
  3 white imps
  An ufetubus (D:5)
  2 worms
  A dart slug (D:4)
  11 orcs
  6 bats
  8 endoplasms
  7 giant cockroaches
  3 hobgoblins
  11 jackals
  A quokka (D:3)
  6 ball pythons
  2 frilled lizards (D:2)
  5 goblins
  6 kobolds
  A quokka skeleton (D:4)
  7 rats
105 creatures vanquished.

Vanquished Creatures (collateral kills)
  Menkaure (D:5)
  A water moccasin (D:5)
  An ice beast (D:7)
  A scorpion (D:6)
  A wight (D:6)
  A howler monkey (D:7)
  A bullfrog zombie (D:6)
  3 orc priests
  2 jellies
  2 white imps
  2 orcs (D:5)
16 creatures vanquished.

Grand Total: 121 creatures vanquished

Notes
Turn   | Place    | Note
-------+----------+-------------------------------------------
     0 | D:1      | quinnr the Formicid Venom Mage began the quest for the Orb.
     0 | D:1      | Reached XP level 1. HP: 13/13 MP: 3/3
   187 | D:1      | Reached XP level 2. HP: 18/19 MP: 1/5
   323 | D:1      | Found Diuptiu's Magic Scroll Boutique.
   328 | D:1      | Bought a scroll of identify for 20 gold pieces
   422 | D:1      | Learned a level 2 spell: Poisonous Vapours
   588 | D:1      | Found Daet's Distillery.
  1170 | D:2      | Reached XP level 3. HP: 24/24 MP: 4/7
  1349 | D:2      | Learned a level 3 spell: Mephitic Cloud
  1435 | D:2      | Reached skill level 5 in Poison Magic
  1964 | D:2      | Reached XP level 4. HP: 30/30 MP: 5/8
  2033 | D:2      | Noticed Terence
  2043 | D:2      | Killed Terence
  2044 | D:2      | Reached skill level 1 in Air Magic
  2138 | D:2      | Found Hugrom's Jewellery Emporium.
  2220 | D:2      | Found Vasahoul's Distillery.
  2226 | D:2      | Bought a potion of heal wounds for 50 gold pieces
  2226 | D:2      | Bought a potion of degeneration for 10 gold pieces
  2765 | D:3      | Reached XP level 5. HP: 35/35 MP: 7/9
  3082 | D:3      | Found a faded altar of an unknown god.
  3261 | D:4      | Reached skill level 1 in Conjurations
  3261 | D:4      | Reached skill level 6 in Poison Magic
  3494 | D:4      | Reached XP level 6. HP: 26/41 MP: 5/10
  3618 | D:4      | Identified the Grimoire of the Torrid Rocks
  3778 | D:4      | Found a runed translucent gate.
  3779 | D:4      | Found a runed translucent gate.
  3780 | D:4      | Found a runed translucent gate.
  3798 | D:4      | Noticed Demosthentine's ghost (amateur MfGl)
  4104 | D:5      | Entered Level 5 of the Dungeon
  4250 | D:5      | Noticed Menkaure
  4265 | D:5      | Reached skill level 7 in Poison Magic
  4522 | D:5      | Reached XP level 7. HP: 46/46 MP: 6/11
  4536 | D:5      | Learned a level 2 spell: Call Imp
  4719 | D:5      | Killed Menkaure
  4723 | D:4      | Found a staircase to the Ecumenical Temple.
  4747 | Temple   | Entered the Ecumenical Temple
  5078 | Temple   | quinnr: !wtf FO
  5078 | Temple   | beem: Formicid
  5078 | Temple   | quinnr: !whichgod FOIE
  5078 | Temple   | beem: 11 recent wins for FOIE: 2x Cheibriados, 2x Gozag, 2x
                  | Vehumet, Zin, Makhleb, Uskayaw, Ashenzari, Hepliaklqana
  5078 | Temple   | quinnr: !whichgod FOAE
  5078 | Temple   | beem: 3 recent wins for FOAE: 2x Okawaru, Yredelemnul
  5112 | Temple   | Became a worshipper of Makhleb the Destroyer
  5155 | D:5      | Found an opulent altar of Gozag.
  5161 | D:5      | Reached XP level 8. HP: 52/52 MP: 1/12
  6596 | D:6      | Reached skill level 5 in Conjurations
  6652 | D:6      | Reached skill level 5 in Air Magic
  7257 | D:7      | Reached XP level 9. HP: 57/57 MP: 4/13
  7287 | D:7      | Reached * piety under Makhleb
  7297 | D:7      | Reached skill level 1 in Slings
  7418 | D:7      | Learned a level 4 spell: Summon Lightning Spire
  8052 | D:7      | HP: 3/57 [water moccasin (6)]
  8052 | D:7      | Slain by a water moccasin

Illustrated notes

Levels and vault maps discovered:
D:1:      evilmike_arrival_crescent, layout_loops_ring, serial_shops, shop,
          nicolae_shop_trees
D:2:      layout_rooms, serial_shops, nicolae_shop_behind_doors, shop,
          uniq_terence
D:3:      layout_loops_ring, hellmonk_ecumenical_altar_pennies_from_heaven,
          guppyfry_early_lair_pool
D:4:      layout_basic, minmay_temple_entry_from_below_b,
          gammafunk_ghost_nasty_kobolds
D:5:      layout_basic, grunt_gozag_breadcrumbs, uniq_menkaure
D:6:      layout_cave_pools
D:7:      layout_basic, minmay_misc_feat_enclosed, minmay_fire_ice_demons
Temple:   regret_index_temple_chain_breaker

Skill      XL: |  1  2  3  4  5  6  7  8  9 |
---------------+----------------------------+-----
Spellcasting   | 3 |  3.0
Poison Magic   | 5 6 7 |  7.2
Air Magic      | 1 2 3 5 |  5.4
Conjurations   | 1 2 3 5 |  5.9
Slings         | 1 |  1.9
Dodging        | |  1.7
Stealth        | |  2.4
Transmutations | |  1.1

Action                   |  1- 3 |  4- 6 |  7- 9 || total
-------------------------+-------+-------+-------++-------
Melee: Staff             |     5 |    21 |    21 ||    47
       Dagger            |       |     5 |       ||     5
 Fire: Hunting sling     |       |       |    15 ||    15
 Cast: Sting             |    43 |    54 |    23 ||   120
       Poisonous Vapours |    15 |    48 |    57 ||   120
       Call Imp          |       |       |    67 ||    67
       Mephitic Cloud    |       |       |     3 ||     3
       Summon Lightning  |       |       |     3 ||     3
  Use: Scroll            |       |     3 |     7 ||    10
 Stab: Distracted        |       |       |     1 ||     1
       Sleeping          |       |       |     1 ||     1
Armor: Robe              |     3 |    18 |     3 ||    24
Dodge: Dodged            |    16 |    33 |    30 ||    79

Table legend: (Time is in decaauts)
 A = Elapsed time spent in this place.
 B = Non-inter-level travel time spent in this place.
 C = Inter-level travel time spent in this place.
 D = Time resting spent in this place.
 E = Time spent auto-exploring this place.
 F = Levels seen in this place.
 G = Mean time per level.
                   A        B        C        D        E       F      G
               +--------+--------+--------+--------+--------+-----+--------+
         Total |   8071 |   7770 |    301 |   1097 |   5267 |   8 | 1008.9 |
       Dungeon |   7695 |   7438 |    257 |   1097 |   4937 |   7 | 1099.3 |
        Temple |    375 |    331 |     44 |      0 |    330 |   1 |  375.0 |
               +--------+--------+--------+--------+--------+-----+--------+

Top non-repeatable levels by time:
     D:5: 1766 daAuts
     D:2: 1244 daAuts
     D:6: 1198 daAuts
     D:1: 1058 daAuts
     D:4: 997 daAuts
     D:3: 876 daAuts
     D:7: 553 daAuts
  Temple: 375 daAuts
